Map: Polka LE

Players

killerrabbit - Winner!

  • Race: Terran Terran
  • League: Platinum
  • Spawn Location: 11:00

Rackan - Winner!

  • Race: Zerg Zerg
  • Spawn Location: 11:00

Massa

  • Race: Terran Terran
  • League: Platinum
  • Spawn Location: 5:00

qqq

  • Race: Zerg Zerg
  • Spawn Location: 5:00

VOD

Have the link to the VOD?

Description

Time

  • Played on: Nov. 1, 2020, 6:20 a.m.
  • Length: 21:49
Show
View Real Time Build Order
Export as new Build Order

killerrabbit Terran - Winner!

Build Orders: Reaper Expand, Mech 

Get SALT Encoding   

  12  0:02  SCV  
  13  0:15  SCV  
  13  0:19  Supply Depot  
  14  0:27  SCV  
  15  0:41  SCV  
  16  0:43  Barracks  
  16  0:45  Refinery  
  16  0:58  SCV  
  17  1:10  SCV  
  18  1:22  SCV  
  19  1:35  Orbital Command  
  19  1:43  Command Center  
  19  1:49  Command Center  
  19  1:51  Reaper  
  20  2:06  Refinery  
  20  2:08  SCV, Supply Depot  
  21  2:20  SCV  
  22  2:32  SCV  
  24  2:44  SCV  
  24  2:56  SCV  
  24  2:57  Factory  
  25  2:58  Barracks Reactor  
  25  3:06  Orbital Command  
  25  3:09  SCV  
  26  3:25  Bunker  
  26  3:27  SCV  
  27  3:40  SCV  
  27  3:41  SCV  
  29  3:43  Command Center  
  29  3:52  SCV  
  29  3:53  SCV  
  29  3:54  Factory  
  31  3:58  Barracks Tech Lab  
  31  3:59  Hellion  
  31  4:00  Hellion  
  35  4:04  SCV  
  35  4:05  SCV  
  37  4:16  SCV  
  38  4:17  SCV  
  39  4:34  Hellion x2  
  42  4:47  SCV x2  
  44  4:55  Barracks Tech Lab, Hellion x2, Siege Tank  
  44  4:59  SCV  
  52  5:01  Supply Depot  
  52  5:02  Supply Depot  
  52  5:03  Supply Depot  
  52  5:04  Supply Depot x2  
  52  5:09  SCV, Armory  
  52  5:10  Orbital Command  
  52  5:13  Engineering Bay  
  53  5:23  SCV x2  
  53  5:26  Refinery  
  53  5:27  Refinery, Siege Tank  
  58  5:29  Hellion x2  
  58  5:35  SCV x2  
  64  5:38  Command Center  
  64  5:39  SCV  
  65  5:47  SCV x2  
  67  5:50  Hellion  
  67  5:51  SCV  
  70  5:58  Infernal Pre-Igniter  
  70  5:59  SCV x2, Siege Tank  
  76  6:11  SCV x2  
  76  6:14  Hellbat  
  76  6:15  Hellbat  
  81  6:24  Factory  
  81  6:55  Thor  
  81  6:56  Hellbat x2  
  91  7:03  SCV x2  
  93  7:15  SCV x2  
  95  7:18  Thor  
  101  7:25  Hellbat x2  
  101  7:27  SCV x2  
  107  7:33  Refinery  
  107  7:34  Refinery  
  107  7:39  SCV x2  
  109  7:44  Thor  
  116  7:51  SCV  
  116  8:04  Terran Vehicle Weapons Level 1  
  116  8:08  Armory  
  116  8:14  SCV x2  
  116  8:15  Hellbat  
  116  8:16  Thor, Hellbat  
  116  8:19  Orbital Command  
  112  8:26  SCV x2  
  106  8:32  Siege Tank  
  101  8:38  SCV x2  
  101  8:40  Hellbat x2  
  103  8:56  Command Center  
  103  8:57  Command Center  
  76  9:38  SCV  
  76  9:39  SCV x2  
  76  9:41  Missile Turret  
  76  9:44  Missile Turret x2  
  76  9:45  Missile Turret  
  79  9:51  SCV x3  
  82  9:54  Missile Turret x3  
  82  9:57  Missile Turret x2  
  82  9:58  Missile Turret  
  82  10:03  SCV x3  
  82  10:05  Missile Turret x2  
  85  10:08  Missile Turret x2  
  85  10:10  Missile Turret  
  85  10:14  Siege Tank x2  
  91  10:15  SCV x3, Missile Turret, Hellbat  
  91  10:17  Missile Turret  
  91  10:19  Missile Turret  
  91  10:20  Missile Turret  
  96  10:26  Starport  
  96  10:27  SCV x3  
  99  10:39  SCV x3  
  102  10:43  Hellbat x2  
  102  10:46  Siege Tank x2  
  108  10:59  SCV x3  
  109  11:11  SCV x3  
  112  11:19  Hellbat  
  112  11:20  Hellbat  
  116  11:43  SCV  
  116  11:44  SCV  
  116  11:45  SCV  
  113  11:51  Thor  
  116  12:25  SCV x3, Thor  
  116  12:26  Hellbat x2  
  127  12:38  SCV x3  
  130  12:50  SCV  
  131  13:09  SCV x2, Hellbat  
  131  13:10  SCV, Hellbat  
  131  13:11  Thor  
  119  13:21  SCV  
  119  13:22  SCV  
  115  13:31  Terran Vehicle Weapons Level 2, Terran Vehicle And Ship Armor Level 1  
  115  13:33  SCV  
  116  13:35  Factory  
  116  13:38  Factory  
  116  13:40  Factory  
  116  13:41  Factory  
  116  13:51  Refinery  
  115  14:10  Siege Tank, Hellbat  
  115  14:15  Hellbat x2  
  107  14:31  Siege Tank  
  100  14:38  Factory Tech Lab  
  100  14:39  Factory Tech Lab x3  
  100  14:40  Starport Tech Lab  
  100  14:47  Command Center  
  100  14:50  Command Center, Planetary Fortress  
  100  14:51  Command Center  
  100  14:52  Command Center  
  114  15:14  Thor x2  
  114  15:20  Siege Tank  
  115  15:27  Neosteel Armor  
  115  15:35  Refinery  
  115  15:36  Missile Turret  
  115  15:37  Refinery, Missile Turret x2  
  115  15:38  Missile Turret  
  115  15:41  Missile Turret  
  115  15:58  Missile Turret, Thor x2  
  115  15:59  Missile Turret x2, Siege Tank  
  115  16:00  Missile Turret  
  115  16:01  Missile Turret, Siege Tank x2  
  115  16:02  Missile Turret, Hellbat x2  
  115  16:03  Missile Turret  
  137  16:05  Hellion  
  133  16:25  Orbital Command x3  
  133  16:26  Orbital Command, Siege Tank  
  133  16:31  Siege Tank  
  139  16:33  Siege Tank  
  142  16:48  Thor x2  
  154  17:07  Supply Depot x2  
  154  17:14  Supply Depot  
  154  17:15  Supply Depot  
  154  17:18  Supply Depot  
  150  17:30  Planetary Fortress  
  150  17:48  Siege Tank x2  
  150  17:49  Hellbat x2  
  180  18:12  Raven  
  188  18:28  Thor x5  
  188  18:29  Thor  
  188  18:30  Hellbat x2  
  190  18:51  Hellbat x2  
  190  19:11  Hellbat  
  190  19:12  Hellbat x3  
  176  19:38  Thor x3  
  200  19:51  Thor  
  181  20:45  SCV  
  181  20:46  SCV x5  
  181  20:54  Orbital Command  
  175  20:58  SCV x4  
  179  21:07  Refinery  
  179  21:09  Refinery  
Show
View Real Time Build Order
Export as new Build Order

Rackan Zerg - Winner!

Build Orders: Hatch First, Lurkers 

Get SALT Encoding   

  12  0:00  Drone  
  13  0:12  Overlord  
  13  0:17  Drone  
  14  0:31  Drone x2  
  14  0:35  Drone  
  17  0:56  Hatchery  
  16  1:03  Drone  
  17  1:13  Spawning Pool  
  17  1:14  Drone  
  17  1:25  Drone x2  
  19  1:26  Extractor  
  19  1:28  Drone  
  19  1:39  Overlord  
  19  1:56  Drone  
  20  2:02  Queen  
  20  2:07  Queen  
  24  2:15  Drone  
  25  2:24  Drone  
  25  2:25  Drone x2  
  28  2:34  Hatchery  
  28  2:35  Drone x2  
  29  2:42  Queen  
  31  2:48  Drone  
  32  2:57  Overlord  
  32  2:58  Metabolic Boost  
  32  3:01  Drone  
  32  3:03  Zergling x6  
  36  3:15  Overlord  
  36  3:25  Overlord  
  36  3:37  Drone x3  
  36  3:38  Drone, Overlord  
  36  3:39  Drone  
  41  3:46  Queen  
  43  3:48  Lair  
  43  3:49  Queen  
  43  3:50  Drone  
  43  3:51  Overlord  
  43  3:52  Zergling x2  
  47  3:59  Drone x2  
  47  4:00  Drone  
  50  4:08  Drone x2  
  52  4:15  Drone  
  52  4:16  Evolution Chamber  
  52  4:22  Zergling x14  
  52  4:23  Zergling x2  
  60  4:24  Spine Crawler  
  57  4:42  Zergling x12  
  57  4:43  Zergling x2  
  64  4:51  Drone, Queen  
  66  4:55  Zerg Melee Weapons Level 1  
  66  4:57  Extractor, Drone x2  
  67  5:00  Extractor x2  
  67  5:02  Spore Crawler  
  67  5:03  Spore Crawler  
  67  5:06  Drone  
  64  5:11  Overlord  
  64  5:20  Drone  
  64  5:23  Drone x3  
  64  5:25  Drone x3  
  64  5:26  Overlord  
  70  5:31  Drone x6  
  76  5:36  Drone  
  76  5:38  Roach Warren  
  76  5:47  Spine Crawler  
  76  5:49  Drone, Spine Crawler  
  76  5:50  Drone x2  
  77  6:07  Drone  
  77  6:08  Drone x4, Overlord  
  77  6:10  Drone x6  
  85  6:19  Glial Reconstitution  
  85  6:21  Overlord x2  
  85  6:26  Drone  
  85  6:28  Drone x3, Hydralisk Den  
  83  6:40  Extractor  
  83  6:42  Drone x5, Extractor  
  83  6:43  Drone  
  83  6:47  Hatchery  
  86  6:54  Zergling x18  
  86  6:59  Grooved Spines  
  86  7:00  Zerg Melee Weapons Level 2  
  90  7:25  Zergling x26  
  103  7:56  Evolution Chamber  
  103  7:57  Infestation Pit  
  103  7:58  Lurker Den  
  100  8:00  Drone  
  100  8:01  Drone  
  100  8:02  Drone x14  
  116  8:10  Muscular Augments  
  109  8:30  Spire  
  102  8:53  Zerg Ground Armor Level 1  
  102  8:54  Overlord x2  
  102  8:56  Drone x2  
  102  8:58  Extractor x2, Overlord x2  
  102  8:59  Overlord  
  101  9:10  Hive  
  101  9:43  Overlord x2  
  101  9:44  Zerg Flyer Armor Level 1  
  100  9:49  Drone x3  
  100  9:50  Drone x2  
  105  10:03  Hydralisk x2  
  105  10:04  Hydralisk x9  
  127  10:16  Overlord x3  
  127  10:21  Queen  
  127  10:25  Hatchery  
  128  10:32  Lurker x4  
  132  10:36  Burrow  
  126  10:56  Zergling x20  
  126  10:57  Zergling x24  
  143  10:59  Adrenal Glands  
  143  11:01  Zerg Ground Armor Level 2, Zerg Melee Weapons Level 3  
  146  11:15  Spore Crawler  
  145  11:26  Mutalisk  
  145  11:27  Mutalisk x10  
  167  11:39  Mutalisk x5, Zerg Flyer Weapons Level 1  
  168  11:40  Mutalisk x4  
  168  11:42  Hatchery  
  168  11:46  Overseer  
  168  11:47  Overseer  
  180  12:15  Mutalisk  
  173  12:16  Mutalisk x12  
  193  12:39  Adaptive Talons  
  146  13:31  Zergling x12  
  146  13:32  Zergling x24  
  156  13:36  Seismic Spines  
  142  13:53  Mutalisk x6  
  141  14:08  Mutalisk  
  141  14:09  Mutalisk x5  
  137  14:30  Corruptor x2  
  137  14:31  Corruptor x4  
  137  14:33  Hatchery  
  137  14:38  Greater Spire  
  141  14:46  Corruptor x2  
  141  14:47  Corruptor x4  
  153  14:54  Queen  
  153  14:57  Zerg Ground Armor Level 3  
  149  16:25  Brood Lord x6  
  159  16:26  Brood Lord x6  
  159  16:27  Zergling x2  
  159  16:28  Zergling x30  
  159  16:29  Zergling x20  
  199  16:34  Zerg Flyer Weapons Level 2  
  173  17:41  Zergling x2  
  173  17:42  Zergling x22  
  183  18:09  Pneumatized Carapace  
  171  18:15  Mutalisk x5  
  171  18:16  Mutalisk x3  
  186  18:33  Zergling x2  
  187  18:34  Zergling x24  
  199  18:44  Hatchery  
  168  19:55  Mutalisk x6  
  168  19:56  Mutalisk x9  
  198  20:00  Spine Crawler  
  198  20:02  Spine Crawler  
  189  20:16  Zergling x2  
  189  20:17  Zergling x8  
  194  20:31  Extractor  
  194  20:32  Extractor  
  192  20:39  Spine Crawler x2  
  192  20:40  Spine Crawler  
  189  20:46  Zergling x2  
  189  20:47  Zergling x28  
Show
View Real Time Build Order
Export as new Build Order

Massa Terran 

Build Orders:  

Get SALT Encoding   

  12  0:00  SCV  
  13  0:12  SCV  
  14  0:23  Supply Depot  
  14  0:24  SCV  
  15  0:45  SCV  
  15  0:47  Barracks  
  16  0:56  Refinery  
  16  0:57  SCV  
  17  1:09  SCV  
  18  1:21  SCV  
  19  1:33  SCV  
  19  1:35  Marine  
  21  1:41  Command Center  
  21  1:46  Orbital Command  
  21  1:59  Factory  
  21  2:05  Marine  
  23  2:15  SCV  
  23  2:25  Barracks Reactor  
  23  2:35  Command Center  
  23  2:53  SCV  
  23  2:55  Orbital Command  
  24  3:00  Refinery  
  24  3:05  SCV  
  27  3:10  Hellion  
  27  3:17  SCV  
  27  3:19  Marine  
  28  3:20  Marine  
  28  3:24  SCV  
  31  3:28  Supply Depot  
  31  3:29  SCV  
  30  3:36  SCV  
  30  3:37  Marine x2  
  33  3:41  SCV  
  33  3:44  Engineering Bay  
  33  3:45  Supply Depot  
  33  3:47  Supply Depot  
  34  3:58  Marine  
  34  3:59  Marine  
  34  4:00  SCV x2  
  38  4:02  Orbital Command  
  38  4:09  Widow Mine  
  40  4:13  SCV x2  
  40  4:14  Missile Turret  
  40  4:16  Marine x2  
  44  4:17  Missile Turret  
  44  4:21  Starport  
  46  4:38  SCV x3  
  47  4:50  SCV x3  
  47  4:52  Terran Infantry Weapons Level 1  
  50  4:58  Refinery  
  50  5:01  Missile Turret  
  50  5:02  SCV x2  
  50  5:03  SCV  
  50  5:04  Barracks  
  53  5:09  Barracks  
  53  5:12  Marine x2  
  55  5:14  SCV  
  56  5:21  Missile Turret  
  56  5:28  SCV x2, Missile Turret  
  57  5:29  SCV, Marine x2  
  61  5:40  SCV x2  
  61  5:41  Missile Turret  
  63  5:51  Orbital Command  
  63  5:52  SCV  
  63  5:53  SCV  
  63  5:54  Missile Turret  
  63  5:55  Medivac  
  67  5:58  Barracks Reactor, Barracks Tech Lab  
  67  5:59  Marine x2  
  69  6:04  SCV  
  69  6:05  SCV  
  71  6:14  Missile Turret  
  71  6:16  SCV  
  71  6:17  Marine x2  
  74  6:21  SCV, Supply Depot  
  74  6:22  SCV  
  74  6:23  Supply Depot  
  76  6:29  SCV  
  77  6:34  Engineering Bay  
  77  6:40  Factory Tech Lab  
  77  6:42  SCV x3, Supply Depot  
  77  6:43  Supply Depot  
  77  6:44  Supply Depot  
  77  6:46  Supply Depot  
  80  6:52  Refinery  
  80  6:54  SCV x3  
  80  6:55  Refinery  
  80  6:56  Armory  
  80  6:57  Refinery  
  80  6:59  Marauder, Marine x3  
  80  7:00  Marine  
  89  7:02  Stimpack  
  89  7:04  Siege Tank  
  89  7:06  SCV  
  93  7:08  Liberator  
  96  7:17  Marine x3, Command Center  
  96  7:20  Marauder  
  101  7:23  Terran Infantry Armor Level 1  
  101  7:29  Marine  
  102  7:35  Marine x2  
  102  7:36  Siege Tank  
  107  7:41  Marauder  
  109  7:48  Smart Servos  
  109  7:50  Terran Infantry Weapons Level 2  
  109  7:51  Medivac  
  111  8:03  Marauder  
  113  8:07  Barracks  
  113  8:10  Factory  
  113  8:12  Supply Depot  
  113  8:13  Supply Depot  
  113  8:14  Supply Depot x2  
  113  8:15  Supply Depot  
  113  8:17  Supply Depot  
  113  8:24  Marauder  
  96  8:41  Combat Shield  
  96  8:46  SCV x3  
  99  8:58  SCV x3  
  102  9:10  SCV  
  93  9:43  SCV x3  
  96  9:46  Marauder, Marine  
  96  9:47  Marine x3  
  96  9:49  Barracks Tech Lab, Factory Tech Lab  
  96  9:52  Siege Tank  
  105  9:55  Terran Infantry Armor Level 2, SCV x3  
  105  9:58  Terran Vehicle And Ship Armor Level 1  
  108  10:00  Starport Reactor, Concussive Shells  
  108  10:04  Marine  
  108  10:05  Marine x3  
  112  10:07  SCV x3, Marauder  
  116  10:19  SCV x3  
  118  10:22  Marine x3  
  118  10:23  Marine  
  118  10:24  Siege Tank  
  124  10:29  Marauder  
  124  10:31  SCV  
  124  10:32  SCV x2  
  129  10:43  SCV  
  129  10:44  SCV x2  
  132  10:50  Marauder  
  132  10:56  SCV x3  
  123  11:12  Marauder  
  125  11:35  Marauder  
  125  11:36  Marauder, Marine x2  
  125  11:37  Marine x2  
  133  11:43  Planetary Fortress  
  133  11:52  Missile Turret  
  133  11:53  Missile Turret  
  133  11:54  Missile Turret  
  133  11:55  Missile Turret  
  133  11:56  Missile Turret  
  133  11:57  Marauder x2  
  137  12:11  SCV x3  
  137  12:15  Terran Infantry Weapons Level 3, Terran Infantry Armor Level 3  
  140  12:16  Medivac  
  140  12:17  Medivac  
  140  12:18  Marauder  
  140  12:19  Marauder  
  148  12:23  Refinery, SCV  
  141  12:37  Thor x2  
  141  12:40  Marauder x2  
  141  12:41  SCV  
  141  12:42  Refinery, SCV x3  
  161  12:46  Medivac  
  161  12:47  Medivac  
  165  12:53  SCV  
  165  12:54  SCV x3  
  165  12:57  Missile Turret  
  161  13:16  Medivac  
  130  13:20  Thor x2  
  130  13:21  Marauder x2, Marine x4  
  138  13:29  Missile Turret x2  
  125  13:39  Marine x4  
  125  13:42  Marauder x2  
  125  13:44  Missile Turret  
  129  13:56  Marine  
  129  13:57  Marine x3  
  132  14:03  Marauder  
  132  14:04  Marauder  
  132  14:06  Siege Tank x2  
  140  14:14  Marine x2  
  140  14:15  Marine x2  
  136  14:25  Marauder x2  
  140  14:38  Siege Tank  
  143  14:43  Marine  
  143  14:44  Marine x3  
  147  14:46  Marauder x2  
  147  14:47  Command Center  
  151  15:00  Barracks  
  151  15:01  Barracks x2, Marine x4  
  151  15:02  Barracks  
  151  15:04  Barracks  
  155  15:07  Marauder  
  155  15:08  Marauder  
  159  15:19  Marine x4  
  163  15:29  Marauder x2  
  167  15:36  Marine  
  167  15:37  Marine x2  
  167  15:39  Marine  
  171  15:44  Missile Turret x2  
  171  15:45  Missile Turret x2  
  171  15:48  Hi-Sec Auto Tracking, Neosteel Armor  
  171  15:49  Missile Turret x2  
  171  15:50  Marauder  
  171  15:51  Marauder  
  171  15:54  Marine  
  171  15:55  Marine x2  
  178  15:57  Barracks, Marine  
  178  16:00  Medivac x2  
  183  16:07  Missile Turret  
  183  16:12  Marauder x2, Marine  
  188  16:26  Barracks Reactor, Barracks Tech Lab  
  188  16:27  Barracks Reactor, Barracks Tech Lab  
  188  16:28  Marine  
  188  16:29  Marine x2, Medivac x2  
  188  16:30  Marine  
  196  16:33  Marauder x2  
  196  16:35  Supply Depot  
  196  16:37  Terran Vehicle And Ship Armor Level 2  
  200  16:42  Armory  
  200  16:46  Barracks Reactor  
  200  16:51  Planetary Fortress  
  200  16:54  Refinery  
  200  16:55  Refinery  
  200  16:57  Command Center  
  200  16:58  Supply Depot  
  200  17:04  Missile Turret  
  179  17:22  Supply Depot  
  175  17:25  Missile Turret  
  175  17:29  Thor x2  
  181  17:31  Marauder x2  
  181  17:32  Marauder x2, Marine x3  
  191  17:44  Supply Depot  
  191  17:52  Marauder  
  191  17:53  Marauder x2  
  195  18:07  Supply Depot  
  195  18:12  Orbital Command, Thor  
  190  18:48  Marauder x4, Marine  
  161  18:49  Marine x9  
  140  19:06  Marine  
  140  19:07  Marine x7  
  140  19:09  Marauder  
  132  19:10  Marauder x3  
  129  19:24  Marine x2  
  112  19:25  Marine x5  
  112  19:29  Marine  
  112  19:31  Marauder x3  
  86  19:42  Marine x7, Thor x2  
  105  19:45  Terran Vehicle Weapons Level 1  
  105  19:47  Marine  
  105  19:52  Marauder x3  
  112  19:57  Factory  
  112  19:59  Factory, Marine  
  112  20:00  Marine x6  
  112  20:05  Factory, Marine  
  120  20:09  Factory  
  120  20:13  Supply Depot  
  120  20:14  Marauder  
  126  20:15  Supply Depot  
  126  20:17  Marine  
  126  20:18  Marine x4  
  122  20:23  Marine  
  122  20:25  Thor  
  121  20:33  Viking x2  
  121  20:35  Marauder, Marine  
  115  20:36  Marine x4  
  115  20:41  Marine  
  105  20:53  Marine x2  
  105  20:54  Marine x3  
  105  20:56  Marine  
  93  20:59  Marine  
  93  21:02  Viking  
  93  21:03  Viking  
  84  21:11  Marine x5  
  70  21:14  Marine  
  70  21:16  Marine  
  68  21:24  Factory Tech Lab  
  60  21:28  Marine  
  60  21:29  Marine x3  
  65  21:37  Barracks  
  65  21:38  Barracks x2  
  53  21:40  Factory x2  
  53  21:41  Barracks  
  53  21:42  Barracks  
  53  21:44  Factory  
  53  21:45  Barracks x2  
  53  21:46  Factory Tech Lab, Factory  
Show
View Real Time Build Order
Export as new Build Order

qqq Zerg 

Build Orders: Hatch First, Lurkers 

Get SALT Encoding   

  12  0:02  Drone  
  13  0:08  Drone  
  14  0:40  Hatchery  
  13  0:49  Drone  
  14  1:00  Spawning Pool  
  14  1:04  Overlord  
  13  1:09  Drone  
  14  1:17  Extractor  
  14  1:18  Drone  
  14  1:29  Drone x2  
  16  1:42  Drone  
  17  1:52  Drone  
  17  1:53  Queen  
  20  1:55  Drone  
  21  2:12  Drone  
  22  2:18  Queen  
  22  2:19  Drone, Overlord  
  22  2:22  Drone  
  26  2:25  Drone  
  27  2:32  Metabolic Boost  
  27  2:36  Drone  
  28  2:47  Drone x2  
  30  2:54  Zergling x2, Overlord  
  30  2:55  Zergling x2  
  30  2:56  Drone  
  33  3:08  Zergling x2  
  33  3:09  Zergling x4  
  36  3:16  Zergling x2  
  37  3:21  Lair  
  37  3:25  Drone  
  37  3:26  Drone  
  39  3:38  Zergling x4  
  41  3:44  Hatchery  
  40  4:02  Zergling x4  
  42  4:03  Zergling x4  
  42  4:05  Overlord x4  
  43  4:18  Zergling x2  
  43  4:22  Hydralisk Den  
  43  4:23  Spore Crawler  
  42  4:24  Drone x3  
  45  4:40  Zergling x2  
  45  4:41  Zergling x4  
  45  4:42  Zergling x10  
  52  4:57  Drone  
  52  4:58  Drone x3, Lurker Den  
  55  5:01  Drone x3  
  55  5:02  Extractor  
  55  5:03  Extractor  
  55  5:05  Extractor, Drone  
  56  5:07  Drone  
  57  5:23  Overlord x2  
  57  5:27  Muscular Augments  
  57  5:29  Drone x4  
  57  5:33  Drone  
  57  5:34  Evolution Chamber  
  61  5:35  Drone  
  61  5:37  Drone  
  61  5:41  Hydralisk  
  65  5:46  Drone x2  
  67  5:50  Drone x2  
  67  5:52  Drone x2  
  67  5:53  Drone  
  72  5:57  Drone  
  72  5:58  Drone x2  
  71  6:10  Spine Crawler, Queen  
  72  6:11  Drone x2  
  72  6:16  Overlord  
  74  6:19  Lurker, Overlord  
  75  6:27  Spore Crawler  
  75  6:28  Drone x2  
  76  6:39  Hydralisk x3  
  80  6:40  Drone x2  
  80  6:41  Drone  
  85  7:00  Overlord  
  85  7:01  Hydralisk, Overlord x2  
  85  7:02  Hydralisk x2  
  85  7:03  Drone x2  
  85  7:08  Lurker x3  
  94  7:33  Hydralisk  
  94  7:34  Hydralisk  
  96  8:07  Hydralisk x2  
  96  8:08  Zergling x8  
  66  8:34  Hydralisk  
  66  8:35  Hydralisk x3  
  66  8:36  Drone x2  
  66  8:37  Drone x3  
  79  8:42  Lurker x2  
  79  8:43  Lurker  
  79  8:46  Zergling x4  
  84  8:49  Zerg Missile Weapons Level 1  
  84  8:54  Infestation Pit  
  84  8:55  Hydralisk x2, Grooved Spines  
  87  8:56  Drone  
  87  9:00  Extractor, Evolution Chamber  
  86  9:15  Hatchery  
  85  9:21  Hydralisk x6  
  97  9:27  Zergling x2  
  97  9:28  Drone x3, Hatchery, Zergling x2  
  101  9:35  Hatchery  
  100  9:42  Lurker x2  
  100  9:44  Drone  
  100  9:45  Hatchery, Hydralisk  
  104  9:46  Zergling x4  
  104  9:47  Zergling x2  
  107  10:02  Drone x2  
  107  10:03  Hydralisk  
  107  10:04  Overlord x3  
  111  10:07  Zerg Melee Weapons Level 1  
  111  10:13  Hive  
  111  10:14  Spine Crawler  
  110  10:39  Hydralisk x6  
  120  10:43  Zerg Ground Armor Level 1  
  120  10:57  Drone x3  
  120  10:58  Drone x7  
  120  10:59  Hydralisk x2  
  133  11:17  Lurker x3  
  136  11:19  Zergling x8  
  136  11:20  Drone x3  
  136  11:21  Drone x7  
  136  11:23  Spine Crawler  
  149  11:27  Spine Crawler  
  149  11:29  Spine Crawler  
  149  11:31  Spine Crawler x2  
  145  11:35  Spine Crawler  
  131  12:12  Hydralisk  
  131  12:13  Hydralisk x5  
  131  12:15  Drone x3, Hydralisk x7  
  121  12:18  Spore Crawler  
  121  12:19  Spore Crawler  
  121  12:22  Spore Crawler  
  128  12:23  Spore Crawler  
  128  12:24  Extractor  
  128  12:27  Spore Crawler  
  128  12:29  Spore Crawler  
  120  12:30  Drone x5  
  120  12:31  Drone x5, Hydralisk, Overlord  
  120  12:36  Spore Crawler  
  131  12:38  Spore Crawler x2  
  131  12:40  Zerg Missile Weapons Level 2  
  131  12:43  Spore Crawler  
  128  12:44  Seismic Spines  
  128  12:47  Zergling x6, Spore Crawler  
  128  12:48  Drone x6  
  128  12:49  Drone  
  128  12:50  Spore Crawler  
  124  12:52  Spore Crawler x2  
  124  12:56  Drone x3  
  125  12:59  Spore Crawler  
  125  13:01  Spore Crawler  
  125  13:02  Spore Crawler  
  118  13:25  Hydralisk x2  
  118  13:26  Hydralisk x4  
  108  13:27  Hydralisk x5  
  108  13:28  Drone x4  
  108  13:29  Drone x5  
  108  13:44  Spore Crawler  
  108  13:47  Spore Crawler  
  103  13:57  Spore Crawler  
  103  13:59  Drone x2  
  103  14:00  Drone x4, Spore Crawler  
  103  14:01  Drone x7, Spore Crawler  
  103  14:02  Drone  
  112  14:05  Zergling x12  
  118  14:12  Zerg Ground Armor Level 2  
  118  14:15  Ultralisk Cavern  
  107  14:25  Zergling x4  
  103  14:34  Hydralisk  
  103  14:35  Hydralisk  
  103  14:36  Hydralisk x7  
  103  14:37  Hydralisk x4  
  103  14:38  Drone x4  
  125  14:44  Extractor  
  126  14:46  Extractor  
  126  14:48  Spine Crawler x2  
  126  14:49  Spore Crawler  
  126  14:50  Extractor  
  126  14:51  Extractor  
  126  14:52  Spore Crawler  
  119  14:54  Spore Crawler  
  119  14:58  Lurker  
  119  14:59  Hydralisk x3, Lurker  
  122  15:01  Drone x3  
  122  15:02  Drone x5  
  134  15:09  Extractor  
  134  15:10  Spore Crawler  
  134  15:11  Extractor  
  134  15:12  Spore Crawler x2  
  129  15:23  Queen  
  129  15:24  Drone x2  
  129  15:26  Hydralisk  
  129  15:28  Ultralisk x2  
  147  15:30  Hatchery  
  146  15:47  Drone  
  146  15:48  Drone x7  
  146  15:49  Drone  
  155  15:55  Spore Crawler  
  155  15:56  Spore Crawler  
  153  15:57  Spine Crawler  
  153  15:58  Spine Crawler, Queen, Ultralisk  
  128  16:17  Hydralisk  
  124  16:20  Anabolic Synthesis  
  124  16:21  Zerg Melee Weapons Level 2  
  124  16:23  Adrenal Glands  
  124  16:25  Zergling x10  
  129  16:26  Drone x5  
  129  16:27  Zergling x10  
  139  16:40  Drone x2  
  139  16:41  Drone x2  
  139  16:42  Drone x2  
  145  16:58  Spore Crawler  
  145  17:00  Lurker x4  
  145  17:01  Hydralisk x3, Lurker  
  149  17:02  Hydralisk x4  
  149  17:04  Drone x3  
  149  17:05  Drone x3  
  166  17:27  Drone x6, Spire  
  148  17:41  Ultralisk x4  
  148  17:42  Overlord x2  
  148  17:43  Overlord x3  
  147  18:07  Hydralisk x4  
  147  18:08  Hydralisk x2  
  147  18:09  Drone  
  147  18:10  Drone x8  
  162  18:31  Ultralisk  
  162  18:32  Ultralisk x2  
  180  18:35  Hydralisk  
  180  18:36  Hydralisk x3  
  180  18:38  Chitinous Plating  
  180  18:40  Zerg Ground Armor Level 3  
  188  18:41  Zerg Melee Weapons Level 3  
  188  18:43  Zergling x14  
  188  18:44  Zergling x8  
  163  18:57  Corruptor x2  
  163  18:58  Corruptor x4  
  163  19:00  Zergling x2  
  163  19:01  Zergling x4  
  178  19:06  Zergling x6  
  178  19:09  Corruptor x3  
  179  19:17  Corruptor x2  
  180  19:18  Zergling x2  
  182  19:37  Corruptor x2  
  182  19:38  Corruptor x2  
  163  19:47  Hatchery  
  135  19:54  Zergling x10  
  135  19:55  Zergling x14  
  135  19:58  Zergling x4  
  141  20:05  Hatchery  
  137  20:08  Zergling x6  
  136  20:14  Hatchery  
  136  20:18  Hatchery  
  136  20:20  Hatchery  
  123  20:31  Zergling x16  
  123  20:32  Zergling x8  
  135  20:38  Hydralisk x3  
  132  20:49  Hydralisk x3  
  120  20:50  Hydralisk x2  
  120  20:53  Hydralisk x2  
  120  20:55  Hydralisk  
  130  21:11  Mutalisk x7  
  121  21:16  Mutalisk x3  
  121  21:18  Mutalisk  
Tags
 
Add a new tag
Caveats
  • Supply blocks, unpowered buildings, or Contaminate may cause inaccurate times.
  • Supply counts are checked every 10 seconds.